 Dungeon Crawl Stone Soup version 0.31.0-11-ge490571c62 (webtiles) character file.

Game seed: 12789197128612843160

47 Gadfly the Insei (level 3, -3/29 HPs)
             Began as a Demonspawn Monk on Feb 5, 2024.
             Slain by a gnoll
             ... wielding a +2 spear of flaming
              (5 damage)
             ... on level 3 of the Dungeon.
             The game lasted 00:01:49 (1690 turns).

Gadfly the Insei (Demonspawn Monk)                  Turns: 1690, Time: 00:01:50

Health: -3/29      AC:  3    Str: 13    XL:     3   Next: 48%
Magic:  3/3        EV: 13    Int: 10    God:
Gold:   68         SH:  0    Dex: 15    Spells: 2/2 levels left

rFire   . .          .
                       - Unarmed
rCold   . . .        c - orb {light}
rNeg    . . .        a - +0 robe
rPois   .            (no helmet)
rElec   .            (no cloak)
rCorr   .            (no gloves)
SInv    .            d - +0 pair of boots
Will    .....        (no amulet)
Stlth   +            (no ring)
HPRegen 0.24/turn    (no ring)
MPRegen 0.08/turn

%: no passive effects
@: lethally poisoned (-3 -> -12), glowing
A: foul stench 1
a: no special abilities


You were on level 3 of the Dungeon.
You visited 1 branch of the dungeon, and saw 3 of its levels.

You collected 68 gold pieces.

Inventory:

Armour
 a - a +0 robe (worn)
 c - an orb of light (worn)
 d - a +0 pair of boots (worn)
Wands
 f - a wand of roots (3)
Potions
 b - a potion of ambrosia
 g - a potion of resistance {unknown}


   Skills:
 - Level 3.0 Fighting
 + Level 3.0 Dodging
 * Level 3.1 Unarmed Combat
 * Level 1.3 Evocations
 * Level 1.1 Shapeshifting


You had 2 spell levels left.
You didn't know any spells.
Your spell library contained the following spells:

 Spells                   Type           Power      Damage    Failure   Level
 Slow                     Hex            0%         N/A       36%         1
 Confusing Touch          Hex            0%         N/A       75%         3
 Sigil of Binding         Hex            0%         N/A       75%         3
 Vampiric Draining        Necr           0%         2d6       75%         3


Dungeon Overview and Level Annotations

Branches:
Dungeon (3/15)

Altars:


Innate Abilities, Weirdness & Mutations

You may rarely emit foul miasma when damaged in melee.


Message History

You hit the ribbon worm but do no damage.
The ribbon worm is lightly wounded.
The gnoll closely misses you.
You hit the ribbon worm.
The ribbon worm is moderately wounded.
The ribbon worm closely misses you.
You hit the ribbon worm.
The ribbon worm is heavily wounded.
The gnoll barely misses you. The ribbon worm barely misses you.
You hit the ribbon worm.
The ribbon worm is heavily wounded.
The gnoll hits you with a +0 whip of venom.
You are poisoned.
The ribbon worm expels a string of sticky webbing.
The stream of webbing misses you.
You hit the ribbon worm.
The ribbon worm is severely wounded.
You feel sick. The gnoll closely misses you.
The gnoll hits you with a +0 whip of venom.
You are more poisoned.
A gnoll comes into view. It is wielding a +0 spear.
You are too injured to fight recklessly!
You are too injured to fight recklessly!
You are too injured to fight recklessly!
You are too injured to fight recklessly!
You are too injured to fight recklessly!
You are too injured to fight recklessly!
You are too injured to fight recklessly!
You are too injured to fight recklessly!
You are too injured to fight recklessly!
You are too injured to fight recklessly!
You are too injured to fight recklessly!
Unknown command.
You feel very sick.
The gnoll shouts!
The ribbon worm attacks as it pursues you!
The ribbon worm bites you!
* * * LOW HITPOINT WARNING * * *
The gnoll hits you with a +2 spear of flaming.
You die...

##.......#.
#.........#
#.....$...# #
#.........# ..
#.........# .#
#.........##g..
#.......g....#
#.......wg#
#.......@.#
#.........#
#.........#
##........#
##.....#<#####...
#######......#
######.... #


You could see a ribbon worm (catching breath) and 3 gnolls.

Vanquished Creatures
  3 dart slugs
  7 bats
  3 endoplasms
  3 giant cockroaches
  6 goblins
  3 hobgoblins (D:1)
  A quokka (D:1)
  3 ball pythons
  2 frilled lizards (D:1)
  5 kobolds
  2 rats (D:1)
38 creatures vanquished.

Notes
Turn   | Place    | Note
-------+----------+-------------------------------------------
     0 | D:1      | Gadfly the Demonspawn Monk began the quest for the Orb.
     0 | D:1      | Reached XP level 1. HP: 18/18 MP: 1/1
   233 | D:1      | Gained mutation: You may rarely emit foul miasma when
                  | damaged in melee. [demonic ancestry]
   233 | D:1      | Reached XP level 2. HP: 20/24 MP: 2/2
   435 | D:1      | Reached skill level 1 in Evocations
   639 | D:1      | Reached skill level 1 in Shapeshifting
   639 | D:1      | Reached XP level 3. HP: 29/29 MP: 3/3
  1690 | D:3      | Slain by a gnoll

Illustrated notes

Levels and vault maps discovered:
D:1:      minmay_arrival_five_plusses, layout_basic
D:2:      layout_basic, st_stairs_6, small_statue_intersection,
          minmay_misc_feat_roman
D:3:      layout_rooms, serial_shops, nicolae_shop_rolling_square,
          minmay_goblin_outpost

Skill      XL: |  1  2  3 |
---------------+----------+-----
Evocations     | 1 |  1.3
Unarmed Combat | 3 |  3.1
Shapeshifting  | 1 |  1.1
Dodging        | 3 |  3.0
Fighting       | |  3.0

Action                     || total
---------------------------++-------
  Melee: Unarmed           ||   143
    Use: Scroll            ||     2
 Armour: Robe              ||    62
  Dodge: Dodged            ||    85
